Map: Year Zero LE

Players

PtitDrogo

  • Race: Protoss Protoss
  • League: Master
  • Spawn Location: 1:00

Serral - Winner!

  • Race: Zerg Zerg
  • Spawn Location: 11:00

Event: 2019 WCS Winter Europe

VOD

Have the link to the VOD?

Description

Time

  • Played on: April 7, 2019, 1:26 p.m.
  • Length: 11:57

All games in this series

Show
View Real Time Build Order
Export as new Build Order

PtitDrogo Protoss 

Build Orders: 1 Gate Expand, Oracle Opening, Phoenix Opening, Archon Immortal 

Get SALT Encoding   

  12  0:00  Probe  
  13  0:12  Probe  
  14  0:19  Pylon  
  14  0:25  Probe  
  15  0:29  Assimilator  
  15  0:35  Probe  
  16  0:44  Probe  
  16  0:45  Gateway  
  17  0:53  Probe  
  18  1:05  Probe  
  19  1:17  Probe  
  20  1:25  Nexus  
  20  1:35  Cybernetics Core  
  20  1:38  Probe  
  21  1:43  Assimilator  
  21  1:50  Probe  
  21  1:53  Pylon  
  22  2:02  Probe, Adept  
  23  2:14  Probe  
  26  2:17  Stargate  
  26  2:22  Stalker  
  26  2:23  Warp Gate  
  26  2:28  Probe  
  27  2:35  Probe  
  29  2:41  Probe  
  29  2:43  Probe  
  32  2:52  Probe  
  32  2:53  Probe  
  32  2:57  Phoenix  
  34  3:04  Probe  
  34  3:05  Probe  
  38  3:16  Pylon, Probe  
  38  3:17  Oracle, Probe  
  40  3:24  Adept  
  45  3:29  Probe  
  46  3:34  Probe  
  46  3:38  Probe  
  46  3:39  Assimilator  
  48  3:42  Assimilator  
  48  3:44  Gateway  
  48  3:46  Probe  
  48  3:48  Pylon  
  49  3:50  Probe  
  50  3:58  Probe  
  50  4:02  Robotics Facility, Probe  
  52  4:08  Twilight Council  
  52  4:10  Probe  
  52  4:14  Probe  
  54  4:23  Probe  
  55  4:26  Probe  
  55  4:31  Forge  
  56  4:35  Probe  
  56  4:37  Nexus  
  56  4:38  Probe  
  58  4:40  Pylon  
  58  4:45  Observer  
  58  4:47  Probe  
  58  4:50  Templar Archives, Probe  
  61  4:59  Probe  
  62  5:01  Pylon  
  62  5:02  Probe  
  62  5:06  Gateway  
  63  5:09  Gateway  
  63  5:11  Probe  
  64  5:14  Probe  
  64  5:15  Protoss Ground Weapons Level 1, Sentry  
  64  5:16  Zealot  
  69  5:22  Charge  
  69  5:23  Probe  
  69  5:28  Probe  
  71  5:30  Pylon  
  71  5:35  Probe  
  72  5:40  Probe  
  73  5:45  Zealot  
  73  5:46  High Templar  
  73  5:47  Probe  
  73  5:48  Psionic Storm  
  78  5:52  Probe x2  
  77  5:59  Probe  
  77  6:00  Probe x2  
  77  6:01  Assimilator  
  77  6:04  Assimilator  
  79  6:05  High Templar x2  
  79  6:08  Immortal  
  79  6:09  Probe  
  88  6:11  Probe  
  88  6:14  Pylon, Probe  
  91  6:21  Probe  
  91  6:24  Probe  
  93  6:26  Probe  
  93  6:31  High Templar  
  96  6:33  Probe  
  96  6:36  Probe  
  96  6:38  Pylon  
  96  6:39  Gateway  
  99  6:41  Gateway  
  99  6:42  Warp Prism  
  99  6:43  Gateway, High Templar  
  99  6:46  Pylon  
  100  6:47  Gateway  
  102  6:55  Pylon  
  102  6:57  Pylon  
  102  6:59  Photon Cannon, Shield Battery  
  102  7:02  Gateway  
  102  7:05  Gateway  
  102  7:12  High Templar x2  
  102  7:14  High Templar  
  108  7:16  Archon, Pylon  
  108  7:18  Photon Cannon, High Templar  
  108  7:19  Protoss Ground Weapons Level 2  
  110  7:23  Archon  
  110  7:25  Immortal  
  114  7:46  Nexus  
  114  7:48  Pylon  
  114  7:52  Pylon, High Templar x2  
  114  7:53  Zealot x6  
  114  7:54  Assimilator  
  114  7:56  Immortal  
  114  7:57  Archon  
  130  7:59  Assimilator  
  130  8:10  Zealot x2  
  134  8:13  Pylon  
  134  8:15  Zealot x2  
  134  8:17  Zealot x3  
  134  8:18  Zealot  
  142  8:32  Probe  
  142  8:33  Probe  
  144  8:35  Immortal  
  144  8:39  High Templar x2  
  144  8:40  Zealot x2  
  156  8:44  Archon, Zealot x2  
  156  8:47  Photon Cannon  
  156  8:48  Zealot  
  160  8:50  Probe  
  160  8:51  Photon Cannon, Probe  
  160  8:56  Pylon  
  160  9:01  Fleet Beacon  
  152  9:05  Stargate  
  152  9:06  High Templar  
  152  9:08  Observer  
  148  9:17  High Templar x2  
  148  9:18  Zealot x3  
  148  9:21  Archon  
  148  9:22  Zealot x2  
  162  9:29  Stargate  
  162  9:32  Zealot x2  
  148  9:42  Zealot x4  
  150  9:52  Archon  
  130  9:59  Zealot x4  
  118  10:00  Zealot, Probe  
  113  10:10  High Templar x5  
  113  10:12  Tempest  
  128  10:14  Probe x2  
  128  10:16  Photon Cannon  
  128  10:17  Photon Cannon  
  128  10:19  Shield Battery  
  130  10:30  Zealot x5  
  130  10:48  Probe  
  112  10:50  High Templar x4  
  112  10:51  Zealot x6  
  112  10:52  Tempest  
  112  10:53  Tempest  
  112  10:55  Archon x2  
  137  11:04  Tempest  
  117  11:13  Zealot x2  
  117  11:15  Zealot x4  
  117  11:16  Zealot x2  
  117  11:17  Archon  
  121  11:20  Probe  
  121  11:23  Zealot x3  
  109  11:30  High Templar  
Show
View Real Time Build Order
Export as new Build Order

Serral Zerg - Winner!

Build Orders: Hatch First, Lurkers, Roach Hydra 

Get SALT Encoding   

  12  0:00  Drone  
  13  0:12  Overlord  
  13  0:18  Drone  
  14  0:31  Drone x2  
  16  0:49  Hatchery  
  15  0:54  Drone  
  15  0:57  Drone  
  17  1:00  Drone  
  18  1:11  Extractor  
  18  1:15  Spawning Pool  
  16  1:19  Drone  
  16  1:22  Drone  
  18  1:28  Drone  
  19  1:39  Drone  
  20  1:49  Overlord  
  20  2:02  Queen x2, Zergling x4  
  26  2:11  Metabolic Boost  
  26  2:12  Drone  
  26  2:15  Drone  
  28  2:22  Drone  
  29  2:23  Drone  
  30  2:37  Hatchery  
  29  2:45  Overlord  
  29  2:47  Drone  
  30  2:51  Queen  
  30  2:54  Drone  
  30  2:56  Drone  
  34  2:58  Drone  
  34  3:01  Drone  
  36  3:11  Drone x2  
  38  3:13  Overlord  
  38  3:14  Drone  
  38  3:15  Drone  
  38  3:17  Drone  
  41  3:20  Drone  
  41  3:21  Drone  
  41  3:23  Drone  
  44  3:30  Queen  
  44  3:32  Spore Crawler  
  45  3:37  Overlord  
  45  3:40  Overlord  
  45  3:41  Drone  
  45  3:43  Drone  
  45  3:45  Drone  
  45  3:46  Drone  
  49  3:55  Queen  
  49  3:56  Spore Crawler  
  49  3:58  Drone  
  49  3:59  Drone  
  49  4:02  Drone x2  
  53  4:09  Zergling x4  
  55  4:10  Overlord  
  55  4:13  Overlord  
  55  4:14  Drone  
  56  4:17  Drone x2  
  56  4:21  Drone x2  
  60  4:25  Lair  
  60  4:31  Roach Warren  
  59  4:33  Drone  
  59  4:34  Drone  
  59  4:36  Zergling x4  
  63  4:40  Extractor x2, Zergling x2  
  63  4:45  Overlord  
  62  4:46  Drone x3  
  62  4:47  Drone  
  62  4:48  Drone  
  62  4:50  Overlord  
  67  4:55  Drone  
  67  4:58  Drone  
  69  5:05  Overlord  
  69  5:06  Drone x2  
  71  5:08  Drone  
  71  5:13  Drone x3  
  75  5:15  Extractor  
  75  5:16  Evolution Chamber, Zergling x2  
  75  5:20  Drone  
  75  5:23  Drone x3  
  75  5:25  Roach x2  
  75  5:26  Roach  
  75  5:27  Glial Reconstitution  
  84  5:28  Overseer  
  84  5:29  Roach  
  84  5:30  Roach x2  
  90  5:41  Hatchery  
  90  5:42  Overlord  
  89  5:44  Overlord  
  90  5:50  Drone x8  
  90  5:52  Drone x2  
  97  5:58  Zerg Missile Weapons Level 1  
  97  6:00  Drone x4, Extractor x2  
  97  6:02  Hydralisk Den  
  98  6:04  Overlord  
  98  6:06  Drone  
  99  6:14  Overlord  
  99  6:15  Drone x3  
  99  6:17  Overlord  
  102  6:32  Muscular Augments, Lurker Den  
  102  6:33  Roach x3  
  102  6:34  Roach  
  102  6:36  Zergling x2  
  102  6:37  Drone x5  
  115  6:43  Drone x3  
  115  6:44  Drone x2  
  120  6:50  Hydralisk x2  
  120  6:52  Extractor  
  120  6:53  Queen  
  125  6:56  Overlord  
  125  6:57  Extractor, Hydralisk  
  126  7:01  Hydralisk x6  
  126  7:06  Hydralisk x2  
  142  7:12  Overlord x2  
  142  7:13  Overlord  
  142  7:21  Drone, Overlord  
  142  7:22  Pneumatized Carapace  
  143  7:23  Infestation Pit  
  143  7:26  Hydralisk x3  
  148  7:32  Hydralisk x3  
  154  7:37  Overseer  
  154  7:38  Hydralisk x3  
  154  7:43  Grooved Spines  
  159  7:48  Hydralisk x3  
  159  7:49  Zergling x8  
  168  7:53  Zerg Missile Weapons Level 2  
  168  8:02  Zergling x12, Lurker x2  
  168  8:03  Zergling x6  
  179  8:10  Lurker x2  
  180  8:15  Hatchery  
  180  8:18  Hydralisk x3  
  180  8:19  Zergling x2  
  177  8:28  Lurker x2  
  177  8:31  Hydralisk x2  
  183  8:35  Overlord x2  
  183  8:37  Overseer  
  183  8:43  Overlord  
  183  8:45  Overlord  
  181  8:50  Hive  
  181  8:53  Zergling x10, Hydralisk x3  
  181  8:54  Zergling x14  
  199  9:01  Lurker  
  199  9:07  Spire  
  197  9:10  Zergling x4  
  199  9:22  Extractor  
  199  9:23  Drone  
  196  9:26  Extractor  
  193  9:36  Evolution Chamber  
  181  9:40  Drone x2  
  181  9:42  Drone  
  175  9:46  Zergling x2, Hydralisk x2  
  175  9:47  Zergling x28  
  175  9:50  Hydralisk  
  159  9:55  Hydralisk x12  
  159  9:59  Queen  
  168  10:03  Drone x5  
  163  10:10  Hydralisk x3  
  163  10:12  Overseer  
  163  10:19  Adaptive Talons  
  163  10:20  Greater Spire  
  163  10:21  Lurker x2  
  163  10:27  Roach x4  
  173  10:31  Roach  
  173  10:32  Roach x2  
  179  10:39  Roach x3  
  179  10:40  Roach x3  
  185  10:43  Roach x2  
  188  10:53  Lurker x4  
  188  10:55  Roach x4  
  188  11:11  Hydralisk x8  
  192  11:22  Hydralisk  
  192  11:23  Zergling x6, Hydralisk x5  
  192  11:27  Hydralisk  
  192  11:28  Zergling x2  
  192  11:32  Zergling x8  
  195  11:36  Zergling x2  
  195  11:37  Zergling x4  
Tags
 
Add a new tag
Caveats
  • Supply blocks, unpowered buildings, or Contaminate may cause inaccurate times.
  • Supply counts are checked every 10 seconds.